 Dungeon Crawl Stone Soup version 0.17-a0-1450-g7e755d1 (webtiles) character file.

3062 Fluffy the Ruffian (level 9, -19/132 HPs)
             Began as a Troll Transmuter on June 30, 2015.
             Was an Initiate of Cheibriados.
             Killed from afar by HEYYEYAAE's ghost (21 damage)
             ... with a bolt of lightning
             ... on level 8 of the Dungeon.
             The game lasted 00:18:32 (5979 turns).

Fluffy the Ruffian (Troll Transmuter)               Turns: 5979, Time: 00:18:33

Health: -19/132    AC: 24    Str: 26    XL:     9   Next: 57%
Magic:  9/9        EV:  1    Int: 13    God:    Cheibriados [......]
Gold:   411        SH:  0    Dex: 16    Spells: 1 memorised, 9 levels left

rFire  . . .     SeeInvis .       - Unarmed
rCold  + . .     Clarity  .     (armour currently unavailable)
rNeg   + + +     SustAt   .     (no shield)
rPois  +         Gourm    +     (helmet currently unavailable)
rElec  .         Spirit   .     (cloak currently unavailable)
rCorr  .         Warding  .     (gloves unavailable)
rMut   .         NoTele   +     (boots unavailable)
MR     .....                    (no amulet)
Stlth  ++........               B - ring of protection from cold
                                f - ring of positive energy

@: mighty, agile, lethally poisoned (-19 -> -21), tree-form, drained, very slow,
not resistant to hostile enchantments, unstealthy
A: unfitting armour, (claws 0), fast metabolism 3, gourmand, regeneration 2,
(shaggy fur 0), (tough skin 0)
a: Bend Time, Renounce Religion


You were on level 8 of the Dungeon.
You worshipped Cheibriados.
Cheibriados was noncommittal.
You were very full.
You were a tree.
You visited 2 branches of the dungeon, and saw 11 of its levels.
You also visited: Ossuary.

You collected 411 gold pieces.

Inventory:

Missiles
 a - 115 arrows
Armour
 i - a +1 cloak (melded)
 G - a +2 robe of the Archmagi (melded)
Jewellery
 f - a ring of positive energy (left branch)
 r - an uncursed ring of invisibility
 B - a ring of protection from cold (right branch)
 D - an uncursed ring of fire
Magical devices
 k - a wand of disintegration (11)
 C - a wand of disintegration (14)
 E - a wand of frost (14)
Scrolls
 g - 5 scrolls of enchant weapon
 j - 7 scrolls of remove curse
 s - a scroll of teleportation
 A - a scroll of fear
 H - a scroll of identify
Potions
 e - 3 potions of cancellation
 l - 2 potions of brilliance
 m - 2 potions of berserk rage
 p - a potion of might
 v - a potion of haste
 x - a potion of flight
Books
 c - a book of Changes

   Spells                             Type                      Level
   a - Beastly Appendage              Transmutation                1
   b - Sticks to Snakes               Transmutation                2
   c - Spider Form                    Transmutation/Poison         3
   d - Ice Form                       Ice/Transmutation            4
   e - Blade Hands                    Transmutation                5
 w - Vehumet's Tome of Combat Magic
   (You found it on level 5 of the Dungeon)

   Spells                             Type                      Level
   a - Magic Dart                     Conjuration                  1
 y - Sif Muna's Compendium of Aid
   (You found it on level 5 of the Dungeon)

   Spells                             Type                      Level
   a - Infusion                       Charms                       1
 z - Kikubaaqudgha's Compendium of Dark Rites
   (You found it on level 5 of the Dungeon)

   Spells                             Type                      Level
   a - Pain                           Necromancy                   1
Comestibles
 d - 9 bread rations
 h - a slice of pizza
 n - 5 meat rations
 q - 2 beef jerkies
 u - 7 fruits


   Skills:
 + Level 5.6(5.0) Fighting
 + Level 5.6(5.1) Dodging
 + Level 7.2(6.6) Unarmed Combat
 - Level 1.2(0.7) Spellcasting
 + Level 5.2(4.7) Transmutations
 + Level 1.5(1.1) Invocations


You had 9 spell levels left.
You knew the following spells:

 Your Spells              Type           Power        Failure   Level  Hunger
a - Beastly Appendage     Trmt           ##....       6%          1    ##.....


Dungeon Overview and Level Annotations

Branches:
Dungeon (10/15)            Temple (1/1) D:7
   Lair: D:8-11         Orc: D:9-12

Altars:
Ashenzari
Cheibriados
Dithmenos
Elyvilon
Fedhas
Gozag
Kikubaaqudgha
Makhleb
Okawaru
Ru
Sif Muna
Vehumet
Yredelemnul

Shops:
D:4 ?

Annotations:
D:7 Dowan
D:8 HEYYEYAAE's ghost, experienced DrAE


Innate Abilities, Weirdness & Mutations

You are too large for most types of armour.
((You have claws for hands.))
Your metabolism is lightning-fast.
You like to eat raw meat.
You heal very quickly.
((You are covered in fur (AC +1).))
((You have very tough skin (AC +2).))


Message History

You closely miss HEYYEYAAE's ghost.
HEYYEYAAE's ghost is severely damaged.
* * * LOW HITPOINT WARNING * * *
You feel sick. HEYYEYAAE's ghost barely misses you.
Drink which item? (? for menu, Esc to quit)
It was a potion of lignification.
Your horns disappear.
You turn into a tree.
Your +1 cloak melds into your body.
Your +2 robe of the Archmagi melds into your body.
You feel strangely numb.
Your roots penetrate the ground.
* * * LOW HITPOINT WARNING * * *
You feel sick. HEYYEYAAE's ghost hits you.
* * * LOW HITPOINT WARNING * * *
You smack HEYYEYAAE's ghost!
HEYYEYAAE's ghost is almost destroyed.
* * * LOW HITPOINT WARNING * * *
You feel sick.
HEYYEYAAE's ghost points at you and mumbles some strange words.
The bolt of lightning hits you!
You die...

### ..# # #. #.#.# #.
####.#. #. #..... #.
#.##.# # #.##.##.#####
###.##....W♣.>...# #
.......##.##.###.####....
..........##.# #.........
.##.##.#####.###.####....
#. #.....# . #.
######.##### .#...#.
#..[.......# ......W
#.####.###.# ## #...##
#.# #.#


You could see HEYYEYAAE's ghost.

Vanquished Creatures
  Psyche (D:8)
  6 humans (D:6)
  Menkaure (Ossuary)
  A water moccasin (D:5)
  Duvessa (D:7)
  An eye of draining (D:10)
  2 orc warriors
  A centaur (D:6)
  A phantom (D:6)
  2 sky beasts
  A big kobold (D:10)
  A giant frog (D:6)
  A scorpion (D:4)
  2 orc priests (D:3)
  4 crimson imps
  A hound (D:10)
  2 giant frog skeletons
  3 orc wizards (D:6)
  4 worker ants
  An iguana (D:5)
  A hound zombie (D:5)
  3 mummies (Ossuary)
  8 gnolls
  11 adders
  An ooze (D:1)
  3 worms
  3 giant geckos
  16 orcs
  A bat zombie (D:5)
  5 giant cockroaches
  4 gnoll zombies (Ossuary)
  16 goblins
  16 hobgoblins
  16 jackals
  18 kobolds
  3 quokkas
  12 bats
  4 giant newts
  3 gnoll skeletons (Ossuary)
  4 goblin skeletons (Ossuary)
  6 goblin zombies (Ossuary)
  A hobgoblin skeleton (Ossuary)
  2 hobgoblin zombies (Ossuary)
  A jackal skeleton (D:4)
  2 kobold skeletons (Ossuary)
  2 kobold zombies (Ossuary)
  4 orc skeletons (Ossuary)
  4 orc zombies (Ossuary)
  A quokka skeleton (D:7)
  13 rats
  4 rat skeletons (Ossuary)
  3 rat zombies (Ossuary)
228 creatures vanquished.

Vanquished Creatures (others)
  3 gnoll skeletons (Ossuary)
  2 goblin skeletons (Ossuary)
  A goblin zombie (Ossuary)
  A kobold zombie (Ossuary)
  An orc skeleton (Ossuary)
  2 orc zombies (Ossuary)
  A rat skeleton (Ossuary)
11 creatures vanquished.

Grand Total: 239 creatures vanquished

Notes
Turn   | Place    | Note
--------------------------------------------------------------
     0 | D:1      | Fluffy the Troll Transmuter began the quest for the Orb.
     0 | D:1      | Reached XP level 1. HP: 18/18 MP: 1/1
    24 | D:1      | Reached skill level 1 in Fighting
    80 | D:1      | Reached XP level 2. HP: 21/27 MP: 2/2
   737 | D:2      | Reached XP level 3. HP: 33/33 MP: 3/3
  1072 | D:2      | Reached XP level 4. HP: 42/42 MP: 4/4
  1711 | D:3      | Reached XP level 5. HP: 16/49 MP: 5/5
  1859 | D:3      | HP: 1/50 [poisoned by a gnoll]
  2142 | D:3      | Reached XP level 6. HP: 59/59 MP: 6/6
  2285 | D:4      | Reached skill level 4 in Unarmed Combat
  3044 | D:4      | Found Linoxoru's Magic Scroll Emporium.
  3170 | D:5      | Entered Level 5 of the Dungeon
  3381 | D:5      | Found a sand-covered staircase.
  3412 | Ossuary  | Entered an ossuary
  3504 | Ossuary  | Reached XP level 7. HP: 65/67 MP: 7/7
  3689 | Ossuary  | Noticed Menkaure
  3698 | Ossuary  | Killed Menkaure
  3947 | D:5      | Reached skill level 5 in Unarmed Combat
  4007 | D:5      | Found a deep blue altar of Sif Muna.
  4009 | D:5      | Found an ancient bone altar of Kikubaaqudgha.
  4009 | D:5      | Found a radiant altar of Vehumet.
  4014 | D:5      | Identified Vehumet's Tome of Combat Magic
  4021 | D:5      | Identified Sif Muna's Compendium of Aid
  4028 | D:5      | Identified Kikubaaqudgha's Compendium of Dark Rites
  4382 | D:6      | Reached XP level 8. HP: 64/78 MP: 8/8
  4552 | D:6      | Noticed a human
  4554 | D:6      | Noticed a human
  4557 | D:6      | Noticed a human
  4560 | D:6      | Noticed a human
  4562 | D:6      | Noticed a human
  4564 | D:6      | Killed a human
  4573 | D:6      | Killed a human
  4573 | D:6      | Reached skill level 6 in Unarmed Combat
  4581 | D:6      | Killed a human
  4587 | D:6      | Killed a human
  4587 | D:6      | Reached skill level 5 in Dodging
  4594 | D:6      | Killed a human
  4659 | D:6      | Noticed a human
  4670 | D:6      | Killed a human
  4670 | D:6      | Reached XP level 9. HP: 44/87 MP: 9/9
  4745 | D:6      | Reached skill level 5 in Fighting
  5085 | D:7      | Found a staircase to the Ecumenical Temple.
  5091 | D:7      | Noticed Dowan
  5094 | D:7      | Noticed Duvessa
  5095 | Temple   | Entered the Ecumenical Temple
  5600 | D:7      | Found a snail-covered altar of Cheibriados.
  5607 | D:7      | Became a worshipper of Cheibriados the Contemplative
  5661 | D:7      | Killed Duvessa
  5661 | D:7      | Reached skill level 5 in Transmutations
  5689 | D:7      | You fall through a shaft for 3 floors!
  5689 | D:10     | Entered Level 10 of the Dungeon
  5730 | D:10     | Reached skill level 7 in Unarmed Combat
  5739 | D:10     | Reached skill level 1 in Invocations
  5849 | D:8      | Noticed Psyche
  5861 | D:8      | Killed Psyche
  5954 | D:8      | Noticed HEYYEYAAE's ghost (experienced DrAE)
  5976 | D:8      | HP: 4/88 [HEYYEYAAE's ghost (3)]
  5979 | D:8      | Killed from afar by HEYYEYAAE's ghost

Vault maps used:
D:1:      dpeg_arrival_short_road, minmay_misc_feat_room
D:2:      first_bread
D:4:      serial_shops, kennysheep_mini_moat, kennysheep_generic_room_16
D:5:      grunt_temple_overflow_magic_moments, nicolae_ossuary_entry_ruins
D:6:      minmay_ruffians
D:7:      kennysheep_little_box, temple_pool_b, uniq_duvessa
D:8:      grunt_temple_overflow_order_and_chaos_1, uniq_psyche
D:9:      gammafunk_temple_overflow_pools, gammafunk_temple_overflow_statue
Temple:   dpeg_three_leaves_temple_9
Ossuary:  ossuary_due_pyramid

Action                   |  1- 3 |  4- 6 |  7- 9 || total
-------------------------+-------+-------+-------++-------
Melee: Unarmed           |    67 |   321 |   382 ||   770
 Cast: Beastly Appendage |       |       |     2 ||     2
Invok: Bend Time         |       |       |     1 ||     1
  Use: Scroll            |       |    11 |     8 ||    19
       Potion            |       |     2 |     4 ||     6
 Stab: Sleeping          |     2 |     3 |     1 ||     6
  Eat: Chunk             |    13 |    21 |    26 ||    60
